 Dungeon Crawl Stone Soup version 0.28.0-53-g5a82cb258f (webtiles) character file.

Game seed: 11805484501035396788

179 Acheron the Magician (level 5, 0/37 HPs)
             Began as a Demonspawn Hedge Wizard on July 3, 2022.
             Slain by an ufetubus (4 damage)
             ... summoned by Eustachio
             ... on level 3 of the Dungeon.
             The game lasted 00:14:39 (4175 turns).

Acheron the Magician (Demonspawn Hedge Wizard)      Turns: 4175, Time: 00:14:43

Health: 0/37       AC:  2    Str: 10    XL:     5   Next: 33%
Magic:  10/10      EV: 12    Int: 18    God:
Gold:   164        SH:  0    Dex: 12    Spells: 6/11 levels left

rFire   . . .      SeeInvis .   e - +0 short sword (drain)
rCold   . . .      Faith    .   (no shield)
rNeg    . . .      Spirit   .   b - +0 robe
rPois   .          Reflect  .   c - +0 hat
rElec   .          Harm     .   (no cloak)
rCorr   .          Rampage  .   (no gloves)
Will    .....                   (no boots)
Stlth   ++........              (no amulet)
HPRegen 0.12/turn               (no ring)
MPRegen 0.12/turn               (no ring)

@: no status effects
A: claws 1, powered by death 1
a: no special abilities


You were on level 3 of the Dungeon.
You visited 1 branch of the dungeon, and saw 4 of its levels.

You collected 164 gold pieces.

Inventory:

Hand Weapons
 a - a +0 dagger of flaming
 e - a +0 short sword of draining (weapon)
Missiles
 f - 26 stones
 k - 2 poisoned darts (quivered)
Armour
 b - a +0 robe (worn)
 c - a +0 hat (worn)
Magical Staves
 l - a staff of poison
Jewellery
 i - a ring of fire
Scrolls
 d - 3 scrolls of identify
 j - a scroll of enchant armour {unknown}
Potions
 g - a potion of resistance
 h - a potion of haste


   Skills:
 * Level 1.2 Fighting
 * Level 2.0 Short Blades
 * Level 0.2 Throwing
 * Level 2.4 Dodging
 * Level 2.4 Stealth
 * Level 3.5 Spellcasting
 * Level 2.1 Conjurations
 * Level 1.6 Summonings
 * Level 0.8 Translocations


You had 6 spell levels left.
You knew the following spells:

 Your Spells              Type           Power      Damage    Failure   Level
a - Magic Dart            Conj           40%        1d5       6%          1
b - Blink                 Tloc           12%        N/A       16%         2
c - Call Imp              Summ           9%         N/A       12%         2

Your spell library contained the following spells:

 Spells                   Type           Power      Damage    Failure   Level
 Slow                     Hex            12%        N/A       16%         1
 Conjure Flame            Conj/Fire      7%         6-21      30%         3
 Mephitic Cloud           Conj/Pois/Air  5%         N/A       34%         3


Dungeon Overview and Level Annotations

Branches:
Dungeon (4/15)
 Temple: D:4-7

Altars:

Annotations:
D:3 exclusion: 2 downstairs, Eustachio


Innate Abilities, Weirdness & Mutations

You have sharp fingernails.
You regenerate a little health from kills.


Message History

Done exploring.
Done exploring.
There is a stone staircase leading down here.
You climb downwards.
Level annotation: Eustachio The jackal misses you.
Eustachio hits you with a +0 rapier! The jackal closely misses you.
A goblin comes into view. It is wielding a +0 dagger.
There is a stone staircase leading up, spattered with blood here.
The jackal misses you. Eustachio barely misses you.
You climb upwards.
Level annotation: exclusion: 2 downstairs
There is a stone staircase leading down here.
You completely miss the jackal. The jackal closely misses you.
Eustachio hits you with a +0 rapier.
The jackal bites you but does no damage.
You hit the jackal but do no damage. You drain the jackal.
Your claw misses the jackal.
The jackal is severely wounded.
Eustachio hits you with a +0 rapier. The jackal barely misses you.
You hit Eustachio but do no damage. The jackal bites you.
Eustachio gestures wildly while chanting.
The jackal bites you.
You closely miss the jackal.
The jackal is severely wounded.
Eustachio hits you with a +0 rapier. The ufetubus misses you.
The ufetubus hits you. The jackal barely misses you.
You hit Eustachio.
Eustachio is lightly wounded.
The ufetubus completely misses you. The ufetubus closely misses you.
Eustachio hits you with a +0 rapier. The jackal closely misses you.
The ufetubus hits you but does no damage.
The ufetubus barely misses you. The jackal misses you.
Eustachio hits you with a +0 rapier.
* * * LOW HITPOINT WARNING * * *
The quasit bites you.
* * * LOW HITPOINT WARNING * * *
The quasit claws you but does no damage.
The quasit misses you. The ufetubus hits you.
You die...

########### ############
#########......h.5# #...........
##...(..........@5####.########.#
.#.###.#######..5@.......######.#
#..###.#########.#.##...........#
##.#............###....#.######.#
...#.#.#######...#.###.#.# #.#
.###.#.# #..#.## #.#.## #.#
####.#.#######..#.# #.#..# #.#
........).......#.# #.##.# #..
###.....######.##.# #.##.# ##.


You could see Eustachio, a quasit (summoned), a white imp (summoned), an
ufetubus (summoned) and a jackal (drained).

Vanquished Creatures
  Ijyb (D:3)
  3 gnolls (D:2)
  5 adders
  An adder skeleton (D:2)
  2 worms (D:3)
  3 dart slugs
  10 bats
  4 endoplasms
  3 giant cockroaches
  4 hobgoblins
  3 jackals (D:1)
  3 quokkas
  5 ball pythons
  3 frilled lizards
  4 goblins
  10 kobolds
  6 rats
70 creatures vanquished.

Vanquished Creatures (others)
  A hobgoblin (D:2)
1 creature vanquished.

Grand Total: 71 creatures vanquished

Notes
Turn   | Place    | Note
-------+----------+-------------------------------------------
     0 | D:1      | Acheron the Demonspawn Hedge Wizard began the quest for the
                  | Orb.
     0 | D:1      | Reached XP level 1. HP: 13/13 MP: 4/4
   243 | D:1      | Gained mutation: You have sharp fingernails. [demonic
                  | ancestry]
   243 | D:1      | Reached XP level 2. HP: 19/19 MP: 6/6
   917 | D:1      | Learned a level 2 spell: Blink
   920 | D:1      | Learned a level 2 spell: Call Imp
  1009 | D:1      | Reached XP level 3. HP: 25/25 MP: 7/7
  1803 | D:2      | Found a faded altar of an unknown god.
  2018 | D:2      | Reached skill level 1 in Short Blades
  2018 | D:2      | Reached XP level 4. HP: 11/31 MP: 4/9
  2302 | D:2      | Reached skill level 1 in Fighting
  2896 | D:3      | Noticed Ijyb
  2950 | D:4      | Noticed Eustachio
  3535 | D:2      | Gained mutation: You regenerate a little health from kills.
                  | [demonic ancestry]
  3535 | D:2      | Reached XP level 5. HP: 37/37 MP: 5/10
  3936 | D:3      | Killed Ijyb
  4175 | D:3      | Slain by an ufetubus

Illustrated notes

Levels and vault maps discovered:
D:1:      dpeg_arrival_lava_temple_mockup, layout_basic
D:2:      layout_rooms, hellmonk_ecumenical_altar_crossroads
D:3:      layout_loops_ring, st_stairs_7, uniq_ijyb
D:4:      layout_loops_ring, fedhas_altar_4, uniq_blork_the_orc, uniq_eustachio,
          uniq_pikel

Skill      XL: |  1  2  3  4  5 |
---------------+----------------+-----
Dodging        | 2 |  2.4
Stealth        | 2 |  2.4
Short Blades   | 1 2 |  2.0
Fighting       | 1 |  1.2
Conjurations   | 2 |  2.1
Throwing       | |  0.2
Spellcasting   | |  3.5
Summonings     | |  1.6
Translocations | |  0.8

Action                   |  1- 3 |  4- 6 || total
-------------------------+-------+-------++-------
Melee: Dagger            |     2 |       ||     2
       Short sword       |   108 |    85 ||   193
       Unarmed           |       |    21 ||    21
       Punch             |       |     1 ||     1
 Cast: Magic Dart        |    26 |    19 ||    45
       Call Imp          |       |     2 ||     2
  Use: Scroll            |       |     5 ||     5
 Stab: Sleeping          |     2 |     6 ||     8
Armor: Robe              |    24 |    13 ||    37
Dodge: Dodged            |    98 |    69 ||   167
